 Dungeon Crawl Stone Soup version 0.18.1-5-g4a78601 (webtiles) character file.

2429 shmeve the Cleaver (level 9, 0/82 HPs)
             Began as a Minotaur Berserker on May 10, 2016.
             Was an Elder of Trog.
             Succumbed to Duvessa's poison
             ... on level 7 of the Dungeon.
             The game lasted 00:11:31 (4309 turns).

shmeve the Cleaver (Minotaur Berserker)             Turns: 4309, Time: 00:11:32

Health: 0/82       AC: 18    Str: 23    XL:     9   Next: 24%
Magic:  8/8        EV:  8    Int:  5    God:    Trog [****..]
Gold:   288        SH:  0    Dex:  9    Spells: 0 memorised, 8 levels left

rFire  + . .     SeeInvis +     B - +2 battleaxe
rCold  . . .     Gourm    .     y - +3 plate armour
rNeg   . . .     Faith    .     (shield currently unavailable)
rPois  .         Spirit   .     (helmet restricted)
rElec  .         Dismiss  .     (no cloak)
rCorr  +         Reflect  .     u - +2 pair of gloves of Qixkuosk {rF+ rCorr Str-2 SInv}
SustAt +         Harm     .     (no boots)
MR     ++...                    (no amulet)
Stlth  ..........               h - ring of sustain attributes
                                x - ring of flight (curse)

@: lethally poisoned (0 -> -3), exhausted, regenerating, slowed, very slow, very
resistant to hostile enchantments, extremely unstealthy
A: retaliatory headbutt, horns 2
a: Berserk, Trog's Hand, Brothers in Arms, Burn Spellbooks, Renounce Religion,
Evoke Flight


You were on level 7 of the Dungeon.
You worshipped Trog.
Trog was greatly pleased with you.
You were very hungry.

You visited 1 branch of the dungeon, and saw 7 of its levels.

You collected 288 gold pieces.

Inventory:

Hand Weapons
 a - a +0 hand axe
 B - a +2 battleaxe (weapon)
Armour
 u - the +2 pair of gloves of Qixkuosk (worn) {rF+ rCorr Str-2 SInv}
   (You found it on level 4 of the Dungeon)

   It affects your strength (-2).
   It protects you from fire.
   It lets you see invisible.
   It protects you from acid and corrosion.
 y - a +3 plate armour (worn)
Jewellery
 h - a ring of sustain attributes (right hand)
 q - an uncursed ring of protection from cold
 x - a cursed ring of flight (left hand)
Wands
 A - a wand of flame (22/48)
 C - a wand of teleportation (3/9)
Scrolls
 b - 3 scrolls of remove curse {unknown}
 g - 3 scrolls of identify {unknown}
 i - 2 scrolls of fog {unknown}
 j - 2 scrolls of teleportation {unknown}
 k - 5 scrolls of noise {unknown}
 l - 2 scrolls of random uselessness {unknown}
 o - a scroll of enchant weapon {unknown}
 r - 2 scrolls of recharging {unknown}
 s - 2 scrolls of enchant armour {unknown}
 t - 2 scrolls of amnesia {unknown}
 v - 2 scrolls of fear {unknown}
Potions
 e - a potion of degeneration {unknown}
 f - a potion of flight {unknown}
 m - a potion of curing {unknown}
 n - a potion of berserk rage {unknown}
 p - a potion of lignification {unknown}
 w - a potion of ambrosia {unknown}
 z - a potion of agility {unknown}
Comestibles
 c - 3 bread rations
 d - a meat ration
 D - a chunk of flesh


   Skills:
 * Level 8.8 Fighting
 * Level 8.9 Axes
 + Level 4.8 Throwing
 + Level 5.7 Armour
 + Level 5.5 Dodging


You had 8 spell levels left.
You didn't know any spells.

Dungeon Overview and Level Annotations

Branches:
Dungeon (7/15)             Temple (0/1) D:4

Altars:
Fedhas
Vehumet


Innate Abilities, Weirdness & Mutations

You reflexively headbutt those who attack you in melee.
You have a pair of horns on your head.


Message History

* * * LOW HITPOINT WARNING * * *
You feel sick.
Things that are here:
a glaive; a plate armour You swing at nothing.
* * * LOW HITPOINT WARNING * * *
You feel very sick.
You swing at nothing.
* * * LOW HITPOINT WARNING * * *
You feel very sick.
Your skin crawls.
You feel resistant to hostile enchantments.
You feel slightly more hungry.
* * * LOW HITPOINT WARNING * * *
You feel very sick.
* * * LOW HITPOINT WARNING * * *
You feel very sick.
Things that are here:
a flail; 18 gold pieces You die...

#....††...###...<.)........
#.........# #.....)........
#.........# #....[)........
#.........# #.###..........
######.######.......)......
#.......#####.........
###.....# #.........)
#.....# #.......... ##.@..#
......>.....
#.).)#.........#...
#..))..##.#......#.
#.........#.#..###.
#.........##. ..#
#.........#....
...##......# ... ###
#........ #. #......#.#


There were no monsters in sight!

Vanquished Creatures
  Duvessa (D:7)
  A sky beast (D:6)
  An ice beast (D:5)
  2 orc warriors
  A necrophage (D:5)
  2 ogres (D:6)
  A centaur (D:5)
  2 giant frogs (D:6)
  A water moccasin zombie (D:5)
  A wyvern skeleton (D:7)
  Dowan (D:7)
  2 scorpions
  5 wights (D:7)
  6 howler monkeys (D:7)
  A crimson imp (D:6)
  A jelly (D:5)
  A quasit (D:6)
  A hound (D:3)
  2 orc priests
  7 orc wizards
  A centaur skeleton (D:4)
  Ijyb (D:2)
  An iguana (D:4)
  6 worker ants
  4 gnolls (D:5)
  7 adders
  A shadow imp (D:7)
  2 dart slugs
  A giant gecko (D:7)
  22 orcs
  7 bats
  3 giant cockroaches
  6 goblins
  5 hobgoblins
  4 jackals (D:5)
  7 kobolds
  2 quokkas (D:3)
  A ball python (D:1)
  3 giant newts
  A jackal skeleton (D:5)
  2 rats
127 creatures vanquished.

Notes
Turn   | Place    | Note
--------------------------------------------------------------
     0 | D:1      | shmeve the Minotaur Berserker began the quest for the Orb.
     0 | D:1      | Reached XP level 1. HP: 19/19 MP: 0/0
   190 | D:1      | Reached XP level 2. HP: 25/27 MP: 1/1
   729 | D:2      | Noticed Ijyb
   737 | D:2      | Killed Ijyb
   737 | D:2      | Reached skill level 1 in Throwing
   737 | D:2      | Reached XP level 3. HP: 29/33 MP: 2/2
   945 | D:2      | Reached XP level 4. HP: 34/41 MP: 3/3
  1056 | D:2      | Reached ** piety under Trog
  1406 | D:3      | Reached XP level 5. HP: 33/47 MP: 4/4
  1724 | D:4      | Reached skill level 5 in Fighting
  1724 | D:4      | Reached skill level 5 in Axes
  1740 | D:4      | Reached XP level 6. HP: 31/56 MP: 5/5
  2100 | D:4      | Got a pair of faintly glowing gloves
  2113 | D:4      | Identified the +2 pair of gloves of Qixkuosk {rF+ rCorr Str-2 SInv} (You found it on level 4 of the Dungeon)
  2266 | D:4      | Found a staircase to the Ecumenical Temple.
  2431 | D:5      | Entered Level 5 of the Dungeon
  2437 | D:5      | Reached *** piety under Trog
  2508 | D:5      | Reached XP level 7. HP: 61/63 MP: 6/6
  3527 | D:6      | Reached XP level 8. HP: 64/73 MP: 7/7
  3735 | D:6      | Reached skill level 5 in Armour
  3783 | D:6      | Found a radiant altar of Vehumet.
  4032 | D:6      | Reached **** piety under Trog
  4032 | D:6      | Reached skill level 5 in Dodging
  4186 | D:6      | Found a radiant altar of Vehumet.
  4186 | D:6      | Found a blossoming altar of Fedhas.
  4252 | D:7      | Reached XP level 9. HP: 64/82 MP: 8/8
  4285 | D:7      | Noticed Dowan
  4289 | D:7      | Noticed Duvessa
  4295 | D:7      | Killed Dowan
  4299 | D:7      | Killed Duvessa
  4307 | D:7      | HP: 4/82 [poisoned by Duvessa]
  4308 | D:7      | HP: 1/82 [poisoned by Duvessa]
  4309 | D:7      | Succumbed to Duvessa's poison

Skill      XL: |  1  2  3  4  5  6  7  8 |
---------------+-------------------------+-----
Fighting       | 4 5 6 7 8 |  8.8
Axes           | 4 5 6 7 8 |  8.9
Throwing       | 1 2 3 4 |  4.8
Armour         | 3 4 5 |  5.7
Dodging        | 3 4 5 |  5.5

Action                   |  1- 3 |  4- 6 |  7- 9 || total
-------------------------+-------+-------+-------++-------
Melee: Hand axe          |    45 |   132 |   186 ||   363
       Headbutt          |     8 |    27 |    44 ||    79
       Battleaxe         |       |       |    19 ||    19
Invok: Berserk           |       |     1 |     3 ||     4
       Trog's Hand       |       |       |     2 ||     2
  Eat: Chunk             |       |     6 |     8 ||    14
Armor: Animal skin       |    12 |       |       ||    12
       Scale mail        |    11 |     1 |       ||    12
       Chain mail        |       |    62 |    78 ||   140
       Plate armour      |       |       |    69 ||    69
Dodge: Dodged            |    31 |    57 |   112 ||   200
